 Dungeon Crawl Stone Soup version 0.27-a0-899-ge2d0b17c59 (webtiles) character file.

Game seed: 15167077903250538256

63 harryhousin the Skirmisher (level 4, 0/49 HPs)
             Began as an Ogre Fighter on Apr 6, 2021.
             Slain by a gnoll
             ... wielding a +0 flail
              (5 damage)
             ... on level 3 of the Dungeon.
             The game lasted 00:12:39 (2545 turns).

harryhousin the Skirmisher (Ogre Fighter)           Turns: 2545, Time: 00:12:40

Health: 0/49       AC:  3    Str: 21    XL:     4   Next: 10%
Magic:  4/4        EV:  6    Int:  9    God:
Gold:   68         SH: 13    Dex:  8    Spells: 3/3 levels left

rFire    . . .     SeeInvis .   a - +0 war axe
rCold    . . .     Faith    .   m - +0 tower shield
rNeg     . . .     Spirit   .   b - +0 robe
rPois    .         Reflect  .   (helmet restricted)
rElec    .         Harm     .   (no cloak)
rCorr    .         Rampage  .   (gloves unavailable)
Will     .....                  (boots unavailable)
Stlth    +.........             (no amulet)
HPRegen  0.16/turn              (no ring)
MPRegen  0.09/turn              (no ring)

@: no status effects
A: large, unfitting armour, tough skin 1
a: no special abilities


You were on level 3 of the Dungeon.
You visited 1 branch of the dungeon, and saw 3 of its levels.

You collected 68 gold pieces.

Inventory:

Hand Weapons
 a - a +0 war axe (weapon)
Armour
 b - a +0 robe (worn)
 m - a +0 tower shield (worn)
Scrolls
 f - a scroll of blinking {unknown}
 g - 2 scrolls of identify {unknown}
 h - a scroll of summoning {unknown}
 k - a scroll of fear {unknown}
 l - a scroll of fog {unknown}
Potions
 c - a potion of ambrosia {unknown}
 d - a potion of might
 e - a potion of attraction {unknown}
 i - a potion of heal wounds {unknown}
 j - a potion of berserk rage {unknown}
 n - a potion of lignification {unknown}


   Skills:
 - Level 4.4 Fighting
 + Level 2.7 Axes
 + Level 3.2 Dodging
 + Level 3.3 Shields


You had 3 spell levels left.
You didn't know any spells.
Your spell library was empty.

Dungeon Overview and Level Annotations

Branches:
Dungeon (3/15)

Altars:


Innate Abilities, Weirdness & Mutations

You are too large for most types of armour.
You have tough skin. (AC +1)


Message History

The gnoll is severely wounded.
The gnoll hits you with a +0 whip. You block the gnoll's attack.
Your shield prevents you from hitting the gnoll.
The gnoll is severely wounded.
A gnoll comes into view. It is wielding a +0 flail.
You block the gnoll's attack. x2
The gnoll shouts!
You slash the gnoll!
You kill the gnoll!
You hear a shout!
You have reached level 4!
You hit the gnoll but do no damage. You block the gnoll's attack.
A gnoll comes into view. It is wielding a +0 spear.
You hit the gnoll.
The gnoll is moderately wounded.
You block the gnoll's attack. The gnoll closely misses you.
You slash the gnoll!
The gnoll is severely wounded.
The gnoll hits you with a +0 flail. You block the gnoll's attack.
You closely miss the gnoll.
The gnoll is severely wounded.
The gnoll hits you with a +0 flail. You block the gnoll's attack. x2
You barely miss the gnoll.
The gnoll is severely wounded.
The gnoll hits you with a +0 flail!
The gnoll hits you from afar with a +0 spear.
You barely miss the gnoll.
The gnoll is severely wounded.
You block the gnoll's attack. x2
The gnoll hits you from afar with a +0 spear.
You block the gnoll's attack.
You closely miss the gnoll.
The gnoll is severely wounded.
The gnoll hits you with a +0 flail!
* * * LOW HITPOINT WARNING * * *
The gnoll hits you from afar with a +0 spear.
* * * LOW HITPOINT WARNING * * *
You block the gnoll's attack. x2
The gnoll hits you with a +0 flail.
You die...

###......##..≈.≈≈#...# ###
#.........)....#...#.#.# .....
####...#####..#...#...#.#........
.......#..............#.#.#.....#
.......#.......##.###.#.#.#.....#
.......#.......##.###.#.#.#.....#
.......#.......g......#.#.#....<#
.......#....###g#)##......##....#
.......#........@................
.......#....####..##.....###....#
.......#....#....>...............
########....#.######.....###†...#
#....#............# #....#
#....#######......# #....# ####.#
#......# ###### #.#######......#
#..............#


You could see 2 gnolls.

Vanquished Creatures
  2 gnolls (D:3)
  A worm (D:2)
  6 ball pythons
  3 giant cockroaches
  7 goblins
  A hobgoblin (D:2)
  4 jackals (D:3)
  3 kobolds
  6 quokkas
  2 rats (D:1)
35 creatures vanquished.

Vanquished Creatures (others)
  28 plants (D:3)
28 creatures vanquished.

Grand Total: 63 creatures vanquished

Notes
Turn   | Place    | Note
-------+----------+-------------------------------------------
     0 | D:1      | harryhousin the Ogre Fighter began the quest for the Orb.
     0 | D:1      | Reached XP level 1. HP: 24/24 MP: 1/1
   571 | D:1      | Reached XP level 2. HP: 32/32 MP: 2/2
  1046 | D:2      | Found a faded altar of an unknown god.
  1199 | D:2      | Reached XP level 3. HP: 31/40 MP: 3/3
  2245 | D:3      | HP: 1/40 [gnoll/+0 whip (5)]
  2538 | D:3      | Reached XP level 4. HP: 45/49 MP: 4/4
  2545 | D:3      | Slain by a gnoll

Illustrated notes

Levels and vault maps discovered:
D:1:      minmay_arrival_split_and_join, layout_loops_ring, minmay_tetromino_l2
D:2:      layout_basic, basic_ecumenical_altar
D:3:      layout_basic, serial_bayou, serial_bayou_pond_b, serial_bayou_pond_c,
          serial_bayou_lagoon_b, serial_bayou_pond_a

Skill      XL: |  1  2 |
---------------+-------+-----
Dodging        | 3 |  3.2
Shields        | 3 |  3.3
Fighting       | |  4.4
Axes           | |  2.7

Action                   |  1- 3 |  4- 6 || total
-------------------------+-------+-------++-------
Melee: War axe           |   111 |     7 ||   118
Armor: Robe              |    28 |       ||    28
Dodge: Dodged            |    31 |     1 ||    32
Block: Kite shield       |    31 |       ||    31
       Tower shield      |    38 |    10 ||    48

Table legend: (Time is in decaauts)
 A = Elapsed time spent in this place.
 B = Non-inter-level travel time spent in this place.
 C = Inter-level travel time spent in this place.
 D = Time resting spent in this place.
 E = Time spent auto-exploring this place.
 F = Levels seen in this place.
 G = Mean time per level.
                   A        B        C        D        E       F      G
               +--------+--------+--------+--------+--------+-----+--------+
         Total |   2632 |   2603 |     29 |    762 |    829 |   3 |  877.3 |
       Dungeon |   2632 |   2603 |     29 |    762 |    829 |   3 |  877.3 |
               +--------+--------+--------+--------+--------+-----+--------+

Top non-repeatable levels by time:
     D:1: 1046 daAuts
     D:2: 1028 daAuts
     D:3: 558 daAuts
